 Dungeon Crawl Stone Soup version 0.18-a0-1193-gb7aa92a (webtiles) character file.

5436 RedPan the Destroyer (level 10, 0/69 HPs)
             Began as a White Draconian Conjurer on Jan 29, 2016.
             Was a Priest of Vehumet.
             Killed by the air
             ... invoked by Gastronok
              (28 damage)
             ... on level 9 of the Dungeon.
             The game lasted 00:36:10 (10765 turns).

RedPan the Destroyer (White Draconian Conjurer)    Turns: 10765, Time: 00:36:10

Health: 0/69       AC:  9    Str: 14    XL:     10   Next: 41%
Magic:  5/22       EV: 13    Int: 18    God:    Vehumet [***...]
Gold:   457        SH:  0    Dex: 11    Spells: 5 memorised, 12 levels left

rFire  . . .     SeeInvis .     g - +3 spear (venom)
rCold  + . .     Gourm    .     (armour unavailable)
rNeg   . . .     Faith    .     (no shield)
rPois  .         Spirit   .     (helmet restricted)
rElec  .         Dismiss  .     B - +0 cloak
rCorr  .         Reflect  .     v - +0 pair of gloves
SustAt .         Harm     .     (no boots)
MR     .....                    S - amulet of magic regeneration
Stlth  ++........               K - +2 ring of strength
                                c - +1 ring of evasion

@: not resistant to hostile enchantments, unstealthy
A: breathe frost, unfitting armour, cold resistance 1, cold-blooded, AC +7
a: Breathe Frost, Renounce Religion


You were on level 9 of the Dungeon.
You worshipped Vehumet.
Vehumet was most pleased with you.
You were very hungry.

You visited 1 branch of the dungeon, and saw 9 of its levels.
You also visited: Bailey.

You collected 457 gold pieces.

Inventory:

Hand Weapons
 d - a +2 short sword of venom
 g - a +3 spear of venom (weapon)
 x - the +7 spear "Ogreslayer" {vamp, rN+ MR+ Int-4}
   (You took it off an orc on level 4 of the Dungeon)

   It inflicts no extra harm, but heals its wielder somewhat when it strikes a
   living foe.
   It affects your intelligence (-4).
   It protects you from negative energy.
   It affects your resistance to hostile enchantments.
 y - a +1 whip of flaming
Armour
 v - a +0 pair of gloves (worn)
 B - a +0 cloak (worn)
 G - a +0 buckler
Magical Staves
 H - an uncursed staff of power
Jewellery
 c - a +1 ring of evasion (left hand)
 e - an uncursed ring of sustain attributes
 m - an uncursed ring of see invisible
 K - a +2 ring of strength (right hand)
 R - an uncursed ring of ice
 S - an amulet of magic regeneration (around neck)
 U - an uncursed ring of resist corrosion
Wands
 s - a wand of disintegration (24/24)
 Q - a wand of random effects (32/48)
 T - a wand of digging (6/24)
Scrolls
 k - a scroll of remove curse
 n - 2 scrolls of identify
 q - 2 scrolls of blinking
 A - a scroll of enchant weapon
 F - a scroll of amnesia
 I - a scroll of enchant armour
 O - a scroll of recharging
 P - a scroll of teleportation
Potions
 f - 2 potions of curing
 h - 3 potions of resistance
 i - a potion of ambrosia
 l - a potion of beneficial mutation
 o - 3 potions of heal wounds
 p - a potion of brilliance {unknown}
 r - a potion of cancellation {unknown}
 t - 2 potions of flight
 w - a potion of cure mutation {unknown}
 z - a potion of invisibility {unknown}
 D - a potion of might {unknown}
 N - 2 potions of agility {unknown}
Books
 a - a book of Conjurations

   Spells                             Type                      Level
   a - Magic Dart                     Conjuration                  1
   b - Searing Ray                    Conjuration                  2
   c - Dazzling Spray                 Conjuration/Hexes            3
   d - Fulminant Prism                Conjuration/Hexes            4
   e - Iskenderun's Mystic Blast      Conjuration                  4
   f - Iskenderun's Battlesphere      Conjuration/Charms           5
 E - a book of Flames

   Spells                             Type                      Level
   a - Flame Tongue                   Conjuration/Fire             1
   b - Throw Flame                    Conjuration/Fire             2
   c - Conjure Flame                  Conjuration/Fire             3
   d - Inner Flame                    Hexes/Fire                   3
   e - Sticky Flame                   Conjuration/Fire             4
   f - Fireball                       Conjuration/Fire             5
Comestibles
 b - 11 bread rations
 u - 3 beef jerkies
 C - 7 chunks of flesh
 J - a royal jelly
 L - a meat ration
 M - 3 fruits


   Skills:
 - Level 1.7 Dodging
 - Level 1.7 Stealth
 + Level 8.4 Spellcasting
 - Level 13.0 Conjurations


You had 12 spell levels left.
You knew the following spells:

 Your Spells              Type           Power        Failure   Level  Hunger
a - Magic Dart            Conj           ####         1%          1    None
b - Iskenderun's Mystic   Conj           ######..     1%          4    ###....
c - Freeze                Ice            #...         3%          1    None
d - Iskenderun's Battles  Conj/Chrm      ####....     5%          5    #####..
e - Throw Frost           Conj/Ice       ####..       1%          2    None


Dungeon Overview and Level Annotations

Branches:
Dungeon (9/15)             Temple (0/1) D:7
   Lair: D:8-11         Orc: D:9-12

Altars:
Gozag
Nemelex Xobeh
Okawaru
Sif Muna
Trog
Vehumet

Shops:
D:6 (

Annotations:
D:9 Gastronok


Innate Abilities, Weirdness & Mutations

You can breathe waves of freezing cold.
You can buffet flying creatures when you breathe cold.
Your icy white scales are hard (AC +7).
Your body does not fit into most forms of armour.
Your flesh is cold resistant.
You are cold-blooded and may be slowed by cold attacks.


Message History

Gastronok bites you.
You hit Gastronok.
Gastronok is almost dead.
Wield which item (- for none, * to show all)? (? for menu, Esc to quit)
You feel your magic capacity decrease.
It begins to drip with poison!
g - a +3 spear of venom (weapon)
You hit Gastronok but do no damage.
Gastronok is almost dead.
Gastronok waves his eye-stalks in wide circles.
The air twists around and strikes you!
You hit Gastronok.
Gastronok is almost dead.
You hit Gastronok.
Gastronok is poisoned.
Gastronok is almost dead.
Gastronok bites you.
You hit Gastronok.
Gastronok is almost dead.
Gastronok waves his eye-stalks in wide circles.
The air twists around and strikes you!
You die...

..... #.....
###.... #...#
###.#
############.†.#
#.....>....#w###
#....<.)..(#.#
#.....)....@.#
#..........###
#............#
#........).#.....#
################.#


You could see Gastronok.

Vanquished Creatures
  Pikel (D:4)
  The ghost of Strylgvaidir the Digger, a novice GrEE (D:4)
  Sigmund (D:5)
  A spriggan (D:7)
  Eustachio (D:5)
  A hippogriff (D:7)
  Duvessa (D:5)
  2 sky beasts
  An ice beast (D:7)
  5 orc warriors
  3 slaves
  3 ogres
  2 phantoms
  A black bear (D:6)
  4 centaurs
  6 giant frogs
  2 jellies
  Dowan (D:5)
  4 scorpions
  11 killer bees
  2 crimson imps (D:8)
  3 giant frog zombies
  7 orc priests
  5 hounds
  10 orc wizards
  A centaur skeleton (D:7)
  2 iguanas
  Terence (D:2)
  6 worker ants
  A killer bee zombie (D:6)
  6 gnolls
  5 adders
  A shadow imp (D:8)
  An adder skeleton (D:6)
  An adder zombie (D:6)
  6 giant geckos
  29 orcs
  A ball python (D:3)
  4 bats
  6 giant cockroaches
  16 goblins
  19 hobgoblins
  4 jackals (D:4)
  2 quokkas
  A ball python skeleton (D:4)
  7 giant newts
  A jackal skeleton (D:9)
  A jackal zombie (D:5)
  24 kobolds
  A quokka skeleton (D:5)
  9 rats
235 creatures vanquished.

Vanquished Creatures (others)
  A slave (D:4)
1 creature vanquished.

Grand Total: 236 creatures vanquished

Notes
Turn   | Place    | Note
--------------------------------------------------------------
     0 | D:1      | RedPan the Draconian Conjurer began the quest for the Orb.
     0 | D:1      | Reached XP level 1. HP: 14/14 MP: 3/3
   548 | D:1      | Reached XP level 2. HP: 20/20 MP: 1/5
  1224 | D:2      | Reached skill level 5 in Conjurations
  1224 | D:2      | Reached XP level 3. HP: 23/26 MP: 6/6
  1804 | D:2      | Reached XP level 4. HP: 33/33 MP: 2/7
  2023 | D:2      | Noticed Terence
  2045 | D:2      | Killed Terence
  2095 | D:2      | Reached skill level 6 in Conjurations
  2249 | D:2      | Reached XP level 5. HP: 34/38 MP: 2/8
  2518 | D:3      | Noticed a centaur
  2528 | D:3      | Killed a centaur
  2528 | D:3      | Reached skill level 7 in Conjurations
  2954 | D:3      | Found a bloodstained altar of Trog.
  2957 | D:3      | Found an opulent altar of Gozag.
  2960 | D:3      | Found a radiant altar of Vehumet.
  2964 | D:3      | Became a worshipper of Vehumet
  3313 | D:3      | Noticed an ogre
  3319 | D:3      | Killed an ogre
  3319 | D:3      | Reached XP level 6. HP: 45/45 MP: 6/9
  3628 | D:3      | Learned a level 4 spell: Iskenderun's Mystic Blast
  3886 | D:4      | Reached skill level 8 in Conjurations
  4109 | D:4      | Noticed a slave
  4297 | D:4      | Reached XP level 7. HP: 50/50 MP: 4/10
  4297 | D:4      | Your scales start taking on an icy white colour.
  4297 | D:4      | Gained mutation: Your flesh is cold resistant. [White Draconian growth]
  4359 | D:4      | Found an iron altar of Okawaru.
  4438 | D:4      | Noticed Pikel
  5143 | D:4      | Got a warped spear {vamp}
  5144 | D:4      | Identified the +7 spear "Ogreslayer" {vamp, rN+ MR+ Int-4} (You took it off an orc on level 4 of the Dungeon)
  5266 | D:4      | Reached skill level 9 in Conjurations
  5396 | D:4      | Killed Pikel
  5396 | D:4      | Reached skill level 5 in Spellcasting
  5396 | D:4      | Reached XP level 8. HP: 44/57 MP: 0/15
  5551 | D:4      | Noticed Strylgvaidir's ghost (novice GrEE)
  5555 | D:4      | Killed Strylgvaidir's ghost
  5747 | D:5      | Entered Level 5 of the Dungeon
  5752 | D:5      | Reached * piety under Vehumet
  5752 | D:5      | Offered knowledge of Freeze by Vehumet.
  5755 | D:5      | Learned a level 1 spell: Freeze
  5839 | D:5      | Noticed Sigmund
  5846 | D:5      | Killed Sigmund
  6122 | D:5      | Noticed Duvessa
  6122 | D:5      | Noticed Dowan
  6125 | D:5      | Killed Duvessa
  6125 | D:5      | Reached skill level 10 in Conjurations
  6125 | D:5      | Killed Dowan
  6413 | D:5      | Found a deep blue altar of Sif Muna.
  6586 | D:5      | Noticed Eustachio
  6588 | D:5      | Killed Eustachio
  6588 | D:5      | Reached XP level 9. HP: 62/62 MP: 9/18
  7072 | D:6      | Reached skill level 11 in Conjurations
  7731 | D:6      | Found a sparkling altar of Nemelex Xobeh.
  8243 | D:6      | Found Amuisuho's Weapon Emporium.
  8718 | D:7      | Reached skill level 12 in Conjurations
  8722 | D:7      | Reached ** piety under Vehumet
  8722 | D:7      | Offered knowledge of Throw Frost by Vehumet.
  8743 | D:7      | Learned a level 5 spell: Iskenderun's Battlesphere
  9233 | D:7      | Found a staircase to the Ecumenical Temple.
  9302 | D:7      | Reached skill level 13 in Conjurations
  9475 | D:8      | Reached XP level 10. HP: 60/69 MP: 19/19
  9498 | D:8      | Learned a level 2 spell: Throw Frost
  9784 | D:8      | Found a flagged portal.
  9793 | Bailey   | Entered a bailey
  9799 | Bailey   | Offered knowledge of Stone Arrow by Vehumet.
  9815 | Bailey   | Reached *** piety under Vehumet
 10332 | D:8      | Offered knowledge of Airstrike by Vehumet.
 10732 | D:9      | Noticed Gastronok
 10765 | D:9      | Killed from afar by Gastronok

Vault maps used:
D:1:      mainiacjoe_arrival_reflecting_pool, minmay_misc_feat_alley
D:2:      first_bread, uniq_terence
D:3:      grunt_temple_overflow_diamond, minmay_misc_feat_encased
D:4:      okawaru_ov_weapons_minmay, uniq_pikel
D:5:      kennysheep_mini_moat, uniq_duvessa, uniq_eustachio, uniq_sigmund
D:6:      corexii_shantytown, nemelex_xobeh_ov_fountains_minmay, serial_shops,
          shop
D:7:      minmay_temple_entry_nine_rooms, the_bakery
D:8:      enter_bailey_3
D:9:      erik_lair_dragon, uniq_grum, uniq_gastronok, uniq_joseph
Bailey:   bailey_axe_1, bailey

Action                   |  1- 3 |  4- 6 |  7- 9 | 10-12 || total
-------------------------+-------+-------+-------+-------++-------
Melee: Unarmed           |    37 |       |       |       ||    37
       Short sword       |    56 |    23 |       |       ||    79
       Spear             |       |    50 |   220 |     4 ||   274
       Staff             |       |       |     7 |     5 ||    12
 Cast: Magic Dart        |    44 |    61 |   165 |   117 ||   387
       Iskenderun's Myst |       |     2 |    37 |    47 ||    86
  Use: Scroll            |     1 |     6 |     8 |     3 ||    18
       Potion            |       |     1 |     2 |     1 ||     4
 Stab: Sleeping          |     2 |       |     8 |       ||    10
  Eat: Chunk             |     4 |     7 |    12 |     7 ||    30
       Beef jerky        |       |     1 |       |       ||     1
       Meat ration       |       |       |     2 |       ||     2
       Fruit             |       |       |     1 |       ||     1
       Pizza             |       |       |     1 |       ||     1
